 Dungeon Crawl Stone Soup version 0.30.1-9-gdf580d7c3d (webtiles) character file.

Game seed: 9324172871886716375

35 bearlyready the Cudgeller (level 3, -1/31 HPs)
             Began as a Gnoll Reaver on Oct 14, 2023.
             Slain by an adder (3 damage)
             ... on level 2 of the Dungeon.
             The game lasted 00:01:37 (905 turns).

bearlyready the Cudgeller (Gnoll Reaver)             Turns: 905, Time: 00:01:37

Health: -1/31      AC:  4    Str: 11    XL:     3   Next: 35%
Magic:  9/9        EV: 12    Int: 14    God:
Gold:   52         SH:  0    Dex: 10    Spells: 9/12 levels left

rFire   . . .        f - +1 dagger (venom)
rCold   . . .        (no shield)
rNeg    . . .        b - +0 leather armour
rPois   .            (no helmet)
rElec   .            (no cloak)
rCorr   .            (no gloves)
SInv    .            (no boots)
Will    .....        (no amulet)
Stlth   +            (no ring)
HPRegen 0.25/turn    (no ring)
MPRegen 0.11/turn

%: no passive effects
@: no status effects
A: fangs 1, strong nose, distributed training, shaggy fur 1, evolution 1
a: no special abilities


You were on level 2 of the Dungeon.
You visited 1 branch of the dungeon, and saw 2 of its levels.

You collected 52 gold pieces.

Inventory:

Hand Weapons
 a - a +0 mace
 f - a +1 dagger of venom (weapon)
 i - a +2 vampiric spear
Missiles
 e - 2 boomerangs
Armour
 b - a +0 leather armour (worn)
 j - a +0 tower shield
Scrolls
 c - a scroll of immolation {unknown}
 d - a scroll of enchant armour {unknown}
Potions
 h - a potion of brilliance


   Skills:
 + Level 4.5 Fighting
 + Level 0.8 Short Blades
 + Level 0.8 Long Blades
 + Level 0.8 Axes
 + Level 6.5 Maces & Flails
 + Level 0.8 Polearms
 + Level 0.8 Staves
 + Level 0.8 Ranged Weapons
 + Level 0.8 Throwing
 + Level 0.8 Armour
 + Level 4.5 Dodging
 + Level 0.8 Stealth
 + Level 0.8 Shields
 + Level 0.8 Unarmed Combat
 + Level 5.0 Spellcasting
 + Level 5.4 Conjurations
 + Level 0.5 Hexes
 + Level 0.5 Summonings
 + Level 0.5 Necromancy
 + Level 0.5 Translocations
 + Level 0.5 Transmutations
 + Level 0.5 Fire Magic
 + Level 0.5 Ice Magic
 + Level 0.5 Air Magic
 + Level 0.5 Earth Magic
 + Level 0.5 Poison Magic
 + Level 1.0 Invocations
 + Level 0.8 Evocations


You had 9 spell levels left.
You knew the following spells:

 Your Spells              Type           Power      Damage    Failure   Level
a - Kiss of Death         Conj/Necr      44%        2d8       7%          1
b - Momentum Strike       Conj/Tloc      22%        3d8       10%         2

Your spell library contained the following spells:

 Spells                   Type           Power      Damage    Failure   Level
 Apportation              Tloc           10%        N/A       19%         1
 Necrotise                Necr           20%        1d5       19%         1
 Summon Small Mammal      Summ           20%        N/A       19%         1
 Hailstorm                Conj/Ice       11%        3d5       21%         3
 Ignite Poison            Fire/Tmut/Pois 5%         N/A       47%         3
 Sticky Flame             Conj/Fire      11%        2d3       54%         4
 Ignition                 Fire           2%         3d3       100%        8


Dungeon Overview and Level Annotations

Branches:
Dungeon (2/15)

Altars:


Innate Abilities, Weirdness & Mutations

You have very sharp teeth.
Your uncanny sense of smell can sniff out nearby items.
Your experience applies equally to all skills.
You are covered in fur. (AC +1)
You have hidden genetic potential.


Message History

The adder is lightly wounded.
You feel sick. The adder bites you.
You are more poisoned.
The adder poisons you! The worm bites you.
You miss the adder.
The adder is moderately wounded.
You feel sick. The adder bites you but does no damage.
You are too injured to fight recklessly!
You are too injured to fight recklessly!
You are too injured to fight recklessly!
You are too injured to fight recklessly!
You are too injured to fight recklessly!
You are too injured to fight recklessly!
You are too injured to fight recklessly!
You are too injured to fight recklessly!
You are too injured to fight recklessly!
You are too injured to fight recklessly!
You are too injured to fight recklessly!
You are too injured to fight recklessly!
You miss the adder.
The adder is moderately wounded.
You feel sick. The adder bites you. The worm bites you!
* * * LOW HITPOINT WARNING * * *
The adder bites you.
* * * LOW HITPOINT WARNING * * *
The adder attacks as you move away! The adder closely misses you.
You feel sick.
Okay, then.
Okay, then.
You feel sick.
Okay, then.
You feel sick.
You feel sick. The adder barely misses you. The adder attacks as you move away!
The adder barely misses you.
You feel sick.
You feel sick.
You are no longer poisoned.
You barely miss the adder. You bite the adder.
The adder is almost dead.
The adder bites you.
You die...

..........##..<##.#
..####............#
#.##.##...####
...##.###.##
####...# #.# ...#.#
#.# ##...###.#
#........#
#.#####@.# #S.#
#..# #w##
#.#####.######
#............#
###.....####.#
#.....#.# #.....#.#


You could see a worm and an adder (poisoned).

Vanquished Creatures
  3 ball pythons (D:1)
  4 bats (D:1)
  4 endoplasms (D:1)
  4 goblins (D:1)
  2 hobgoblins (D:1)
  4 jackals (D:1)
  4 kobolds
  A quokka (D:1)
  A frilled lizard (D:1)
  3 rats (D:1)
30 creatures vanquished.

Notes
Turn   | Place    | Note
-------+----------+-------------------------------------------
     0 | D:1      | bearlyready the Gnoll Reaver began the quest for the Orb.
     0 | D:1      | Reached XP level 1. HP: 20/20 MP: 6/6
   247 | D:1      | Reached XP level 2. HP: 26/26 MP: 7/7
   516 | D:1      | Reached skill level 5 in Spellcasting
   516 | D:1      | Reached XP level 3. HP: 30/31 MP: 7/9
   574 | D:1      | Gained mutation: You are covered in fur. (AC +1) [potion of
                  | mutation]
   574 | D:1      | Gained mutation: You have hidden genetic potential. [potion
                  | of mutation]
   583 | D:1      | Reached skill level 1 in Invocations
   730 | D:1      | Learned a level 2 spell: Momentum Strike
   905 | D:2      | Slain by an adder

Illustrated notes

Levels and vault maps discovered:
D:1:      tarquinn_simple_flora_water_c, layout_basic
D:2:      layout_loops_ring, serial_shops, shop, shop_fountains,
          nicolae_shop_pleasant_corner_grove, minmay_misc_feat_encased,
          uniq_sigmund

Skill      XL: |  1  2  3 |
---------------+----------+-----
Spellcasting   | 5 |  5.0
Invocations    | 1 |  1.0
Fighting       | |  4.5
Short Blades   | |  0.8
Long Blades    | |  0.8
Axes           | |  0.8
Maces & Flails | |  6.5
Polearms       | |  0.8
Staves         | |  0.8
Ranged Weapons | |  0.8
Throwing       | |  0.8
Armour         | |  0.8
Dodging        | |  4.5
Stealth        | |  0.8
Shields        | |  0.8
Unarmed Combat | |  0.8
Conjurations   | |  5.4
Hexes          | |  0.5
Summonings     | |  0.5
Necromancy     | |  0.5
Translocations | |  0.5
Transmutations | |  0.5
Fire Magic     | |  0.5
Ice Magic      | |  0.5
Air Magic      | |  0.5
Earth Magic    | |  0.5
Poison Magic   | |  0.5
Evocations     | |  0.8

Action                     || total
---------------------------++-------
  Melee: Mace              ||     9
         Dagger            ||    79
         Bite              ||     6
    Use: Potion            ||     3
   Stab: Sleeping          ||     1
 Armour: Leather armour    ||    35
  Dodge: Dodged            ||    71
